 Dungeon Crawl Stone Soup version 0.23-a0-106-g63f3d0b (webtiles) character file.

76 galech the Skirmisher (level 4, 37/37 HPs)
             Began as a Demonspawn Berserker on Aug 20, 2018.
             Was a Believer of Trog.
             Quit the game on level 2 of the Dungeon.
             The game lasted 00:01:50 (1441 turns).

galech the Skirmisher (Demonspawn Berserker)        Turns: 1441, Time: 00:01:51

Health: 37/37      AC: 10    Str: 18    XL:     4   Next: 12%
Magic:  4/4        EV: 13    Int: 10    God:    Trog [**....]
Gold:   69         SH:  0    Dex: 13    Spells: 3/3 levels left

rFire    . . .     SeeInvis .   a - +0 hand axe
rCold    . . .     Gourm    .   (no shield)
rNeg     . . .     Faith    .   n - +4 scale mail {rPois}
rPois    +         Spirit   .   (helmet restricted)
rElec    .         Reflect  .   (no cloak)
rCorr    .         Harm     .   (no gloves)
MR       .....                  (no boots)
Stlth    ..........             (no amulet)
HPRegen  0.12/turn              e - +3 ring of evasion
MPRegen  0.09/turn              k - +2 ring of intelligence

@: no status effects
A: horns 1, rot immunity
a: Berserk, Trog's Hand, Renounce Religion


You were on level 2 of the Dungeon.
You worshipped Trog.
Trog was pleased with you.
You were not hungry.

You visited 1 branch of the dungeon, and saw 2 of its levels.

You collected 69 gold pieces.

Inventory:

Hand Weapons
 a - a +0 hand axe (weapon)
Armour
 n - a +4 scale mail of poison resistance (worn)
Jewellery
 e - a +3 ring of evasion (left hand)
 k - a +2 ring of intelligence (right hand)
Scrolls
 g - 3 scrolls of remove curse {unknown}
 h - 4 scrolls of identify {unknown}
 j - 2 scrolls of magic mapping {unknown}
 m - a scroll of enchant armour {unknown}
Potions
 d - 2 potions of cancellation {unknown}
 i - a potion of mutation {unknown}
 l - a potion of curing {unknown}
Comestibles
 b - a chunk of flesh
 c - 3 rations


   Skills:
 + Level 3.7 Fighting
 + Level 3.6 Axes
 + Level 1.9 Armour
 + Level 2.4 Dodging
 + Level 0.1 Stealth


You had 3 spell levels left.
You didn't know any spells.
Your spell library was empty.

Dungeon Overview and Level Annotations

Branches:
Dungeon (2/15)

Altars:


Innate Abilities, Weirdness & Mutations

You have a pair of small horns on your head.
You are immune to rotting.


Message History

An adder comes into view.
You hit the adder.
The adder is lightly wounded.
The adder misses you. The adder barely misses you.
You hit the adder.
The adder is severely wounded.
The adder bites you but does no damage.
You miss the adder.
The adder is severely wounded.
The adder closely misses you. The adder bites you but does no damage.
You hit the adder but do no damage.
The adder is severely wounded.
The adder bites you but does no damage.
You hit the adder.
You kill the adder!
Trog accepts your kill.
You have reached level 4!
You feel stronger.
Your demonic ancestry asserts itself...
A pair of horns grows on your head!
Are you sure you want to abandon this character and quit the game? (Confirm with "yes".)

#......... #.........
#......... ##
##...#......#
...#########...#......#
...........'...+......+
........####...#......#
#.......# #...#......+
#......@# #...#......##
#.......# ##...#......#.
#.......# #....'......#.
#.......# #....#......#.
#.......# #....#......#.
#.......# #.###########.
#.......###.###########.
+.......+..........)....
###.####..#####.


There were no monsters in sight!

Vanquished Creatures
  Terence (D:2)
  2 adders (D:2)
  A dart slug (D:1)
  A leopard gecko (D:1)
  2 giant cockroaches (D:1)
  5 goblins
  4 hobgoblins
  3 jackals (D:1)
  5 bats (D:1)
  2 frilled lizards
  5 kobolds (D:1)
  A rat (D:1)
32 creatures vanquished.

Notes
Turn   | Place    | Note
-------+----------+-------------------------------------------
     0 | D:1      | galech the Demonspawn Berserker began the quest for the Orb.
     0 | D:1      | Reached XP level 1. HP: 18/18 MP: 1/1
   251 | D:1      | Gained mutation: You are immune to rotting. [demonic ancestry]
   251 | D:1      | Reached XP level 2. HP: 22/24 MP: 2/2
   491 | D:1      | Reached ** piety under Trog
   919 | D:1      | Reached XP level 3. HP: 29/29 MP: 3/3
  1064 | D:2      | Noticed Terence
  1075 | D:2      | Killed Terence
  1440 | D:2      | Gained mutation: You have a pair of small horns on your head. [demonic ancestry]
  1440 | D:2      | Reached XP level 4. HP: 37/37 MP: 4/4
  1441 | D:2      | Quit the game

Vault maps used:
D:1:      dpeg_arrival_arbitrary_c
D:2:      lemuel_round_altar, first_ration, uniq_terence

Skill      XL: |  1  2  3 |
---------------+----------+-----
Axes           | 3 |  3.6
Dodging        | 2 |  2.4
Fighting       | |  3.7
Armour         | |  1.9
Stealth        | |  0.1

Action                   |  1- 3 |  4- 6 || total
-------------------------+-------+-------++-------
Melee: Hand axe          |   102 |       ||   102
Invok: Berserk           |     1 |       ||     1
       Trog's Hand       |     1 |       ||     1
 Stab: Sleeping          |     1 |       ||     1
  Eat: Chunk             |     3 |       ||     3
Armor: Animal skin       |    13 |       ||    13
       Scale mail        |     5 |       ||     5
Dodge: Dodged            |    91 |       ||    91

Table legend:
 A = Non-vault XP
 B = Vault XP
 C = Vault XP percentage of total XP
 D = Non-vault monster count
 E = Vault monster count
 F = Vault count percentage of total count
                 A         B        C        D         E       F
            +---------+---------+-------+---------+---------+-------
      Total |      77 |      32 |  29.4 |      31 |       1 |   3.1
            +---------+---------+-------+---------+---------+-------
        D:1 |      46 |       0 |   0.0 |      26 |       0 |   0.0
        D:2 |      31 |      32 |  50.8 |       5 |       1 |  16.7
            +---------+---------+-------+---------+---------+-------
